 Dungeon Crawl Stone Soup version 0.29-a0-823-gc37b1572da (webtiles) character file.

Game seed: 6498475752762993482

160 tsouns the Firebug (level 5, 0/35 HPs)
             Began as a Barachi Fire Elementalist on July 8, 2022.
             Slain by a hound (3 damage)
             ... on level 4 of the Dungeon.
             The game lasted 00:03:45 (2563 turns).

tsouns the Firebug (Barachi Fire Elementalist)      Turns: 2563, Time: 00:03:46

Health: 0/35       AC:  4    Str: 13    XL:     5   Next: 41%
Magic:  1/9        EV: 12    Int: 18    God:
Gold:   48         SH:  0    Dex: 12    Spells: 4/10 levels left

rFire   . . .      SeeInvis .   k - +0 great mace
rCold   . . .      Faith    .   (shield currently unavailable)
rNeg    . . .      Spirit   .   a - +0 robe
rPois   .          Reflect  .   q - +0 helmet
rElec   .          Harm     .   (no cloak)
rCorr   .          Rampage  .   (no gloves)
Will    .....                   p - +0 pair of boots of Tasuyry {Str+4}
Stlth   ++........              (no amulet)
HPRegen 0.11/turn               (no ring)
MPRegen 0.11/turn               (no ring)

@: slow
A: amphibious, slowness 1, strong legs 1, +LOS
a: Hop


You were on level 4 of the Dungeon.
You visited 1 branch of the dungeon, and saw 3 of its levels.

You collected 48 gold pieces.

Inventory:

Hand Weapons
 k - a +0 great mace (weapon)
Armour
 a - a +0 robe (worn)
 p - the +0 pair of boots of Tasuyry (worn) {Str+4}
   (You found it on level 2 of the Dungeon)

   Str:       It affects your strength (+4).
 q - a +0 helmet (worn)
Jewellery
 f - a ring of ice
 g - a ring of positive energy
Scrolls
 c - a scroll of silence {unknown}
 d - 6 scrolls of identify {unknown}
 i - a scroll of brand weapon {unknown}
 m - a scroll of teleportation {unknown}
 n - a scroll of magic mapping {unknown}
 o - a scroll of immolation {unknown}
Potions
 b - a potion of magic
 e - 3 potions of ambrosia {unknown}
 h - a potion of heal wounds {unknown}
 j - a potion of flight {unknown}
 l - a potion of curing {unknown}
 r - 2 potions of resistance {unknown}


   Skills:
 + Level 3.3 Dodging
 + Level 2.8 Stealth
 + Level 3.1 Spellcasting
 + Level 2.5 Conjurations
 + Level 4.1 Fire Magic


You had 4 spell levels left.
You knew the following spells:

 Your Spells              Type           Power      Damage    Failure   Level
a - Foxfire               Conj/Fire      56%        2x1d6     4%          1
b - Scorch                Fire           34%        2d6       4%          2
c - Conjure Flame         Conj/Fire      14%        6-21      12%         3

Your spell library contained the following spells:

 Spells                   Type           Power      Damage    Failure   Level
 Inner Flame              Hex/Fire       10%        N/A       21%         3
 Flame Wave               Conj/Fire      14%        2d6       38%         4


Dungeon Overview and Level Annotations

Branches:
Dungeon (2/15)

Altars:

Annotations:
D:4 Dowan, Duvessa


Innate Abilities, Weirdness & Mutations

You are amphibious.
You cover ground slowly.
You can hop short distances.
You have an extended range of vision and can be seen from far away.


Message History

The foxfire hits Duvessa but does no damage.
Unknown command.
Casting: Foxfire (safe; 4% risk of failure)
Confirm with . or Enter, or press ? or * to list all spells.
You conjure some foxfire!
The foxfire hits Duvessa but does no damage.
The hound bites you but does no damage. The hound completely misses you.
Unknown command.
Unknown command.
Casting: Foxfire (safe; 4% risk of failure)
Confirm with . or Enter, or press ? or * to list all spells.
You conjure some foxfire!
The foxfire hits Duvessa but does no damage.
The hound closely misses you. Duvessa hits you with a +0 rapier!
Unknown command.
Unknown command.
Unknown command.
Casting: Foxfire (safe; 4% risk of failure)
Confirm with . or Enter, or press ? or * to list all spells.
You don't have enough magic to cast this spell.
Unknown command.
Your foxfire dissipates!
Dowan attacks as you move away! Dowan hits you with a +0 dagger.
* * * LOW HITPOINT WARNING * * *
The foxfire hits Duvessa but does no damage.
The hound misses you.
Dowan casts a spell.
Dowan blinks!
You barely miss the hound.
The hound is severely wounded.
The hound is no longer more vulnerable to fire.
The hound barely misses you. The hound bites you.
* * * LOW HITPOINT WARNING * * *
Your magical contamination has completely faded away.
You barely miss the hound.
The hound is heavily wounded.
The hound bites you.
* * * LOW HITPOINT WARNING * * *
The hound bites you but does no damage. The hound bites you.
You die...

.................
..................
.................. ...
.... ................
.......#..#..............
.......#..#.......J.e....
..........#....J........#
..#...........eh##..#...#
.......##....###@........
.......##..............##
......###....#.#.##..#..#
......##...#..#.###......
......#....#..........###
..........##.........##
..##.....>...#####..##
.####..###...### #.# .#
#..# #.....## .#


You could see Duvessa, Dowan, a hound and an endoplasm.

Vanquished Creatures
  Natasha (twice) (D:2)
  2 orc wizards (D:4)
  An adder (D:2)
  An ufetubus (D:4)
  A dart slug (D:2)
  2 orcs (D:4)
  2 ball pythons
  3 endoplasms (D:1)
  2 giant cockroaches (D:1)
  2 hobgoblins
  11 jackals
  A quokka (D:1)
  6 bats
  4 goblins
  A kobold (D:1)
  4 rats (D:2)
45 creatures vanquished.

Vanquished Creatures (others)
  138 foxfires
138 creatures vanquished.

Grand Total: 183 creatures vanquished

Notes
Turn   | Place    | Note
-------+----------+-------------------------------------------
     0 | D:1      | tsouns the Barachi Fire Elementalist began the quest for
                  | the Orb.
     0 | D:1      | Reached XP level 1. HP: 13/13 MP: 3/3
   255 | D:1      | Reached XP level 2. HP: 13/19 MP: 0/5
  1330 | D:1      | Reached XP level 3. HP: 18/24 MP: 4/6
  2091 | D:2      | Identified the +0 pair of boots of Tasuyry {Str+4}
  2115 | D:2      | Learned a level 2 spell: Scorch
  2119 | D:2      | Learned a level 3 spell: Conjure Flame
  2175 | D:2      | Noticed Natasha
  2180 | D:2      | Killed Natasha
  2181 | D:2      | Reached XP level 4. HP: 28/30 MP: 2/8
  2244 | D:2      | Noticed Natasha
  2248 | D:2      | Killed Natasha
  2299 | D:2      | You fall into a shaft and drop 2 floors!
  2324 | D:4      | Reached skill level 4 in Fire Magic
  2324 | D:4      | Reached XP level 5. HP: 35/35 MP: 5/9
  2552 | D:4      | Noticed Duvessa
  2554 | D:4      | Noticed Dowan
  2563 | D:4      | Slain by a hound

Illustrated notes

Levels and vault maps discovered:
D:1:      minmay_arrival_nine_rooms, layout_loops_corners
D:2:      layout_basic, uniq_natasha
D:4:      layout_layer_cave, uniq_grinder, uniq_duvessa, uniq_edmund

Skill      XL: |  1  2  3  4 |
---------------+-------------+-----
Stealth        | 2 |  2.8
Conjurations   | 2 |  2.5
Dodging        | 3 |  3.3
Spellcasting   | 3 |  3.1
Fire Magic     | 4 |  4.1

Action                   |  1- 3 |  4- 6 || total
-------------------------+-------+-------++-------
Melee: Unarmed           |     4 |       ||     4
       Great mace        |     9 |    12 ||    21
 Cast: Foxfire           |    68 |    19 ||    87
       Scorch            |       |     2 ||     2
Armor: Robe              |     7 |     7 ||    14
Dodge: Dodged            |    30 |    36 ||    66

Table legend: (Time is in decaauts)
 A = Elapsed time spent in this place.
 B = Non-inter-level travel time spent in this place.
 C = Inter-level travel time spent in this place.
 D = Time resting spent in this place.
 E = Time spent auto-exploring this place.
 F = Levels seen in this place.
 G = Mean time per level.
                   A        B        C        D        E       F      G
               +--------+--------+--------+--------+--------+-----+--------+
         Total |   2814 |   2788 |     26 |      0 |   2438 |   3 |  938.0 |
       Dungeon |   2814 |   2788 |     26 |      0 |   2438 |   3 |  938.0 |
               +--------+--------+--------+--------+--------+-----+--------+

Top non-repeatable levels by time:
     D:1: 1864 daAuts
     D:2: 667 daAuts
     D:4: 282 daAuts
